 Dungeon Crawl Stone Soup version 0.23.1 (webtiles) character file.

Game seed: 12856647128921732980

127 vishdafish the Skirmisher (level 5, -1/42 HPs)
             Began as a Formicid Abyssal Knight on Mar 17, 2019.
             Was a Believer of Lugonu.
             Slain by an adder (2 damage)
             ... on level 2 of the Dungeon.
             The game lasted 00:02:38 (2226 turns).

vishdafish the Skirmisher (Formicid Abyssal Knight) Turns: 2226, Time: 00:02:39

Health: -1/42      AC:  3    Str: 23    XL:     5   Next: 33%
Magic:  13/15      EV: 11    Int: 11    God:    Lugonu [**....]
Gold:   68         SH:  0    Dex: 10    Spells: 4/4 levels left

rFire    . . .     SeeInvis +   a - +1 hand axe
rCold    . . .     Gourm    .   (no shield)
rNeg     . . .     Faith    .   b - +0 leather armour
rPois    .         Spirit   .   (helmet unavailable)
rElec    .         Reflect  .   (no cloak)
rCorr    .         Harm     .   (no gloves)
MR       .....                  (no boots)
Stlth    +.........             (no amulet)
HPRegen  0.14/turn              j - ring of magical power
MPRegen  0.14/turn              (no ring)

@: mighty, lethally poisoned (-1 -> -7)
A: permanent stasis, dig shafts and tunnels, four strong arms, antennae 3
a: Dig, Shaft Self, Depart the Abyss, Bend Space, Renounce Religion


You were on level 2 of the Dungeon.
You worshipped Lugonu.
Lugonu was pleased with you.
You were not hungry.

You visited 1 branch of the dungeon, and saw 2 of its levels.
You visited the Abyss 1 time.

You collected 68 gold pieces.

Inventory:

Hand Weapons
 a - a +1 hand axe (weapon)
 o - a +0 spear of freezing
 p - a +2 dagger of venom
Missiles
 n - 15 bolts
Armour
 b - a +0 leather armour (worn)
Jewellery
 j - a ring of magical power (left hand)
Scrolls
 e - a scroll of amnesia {unknown}
 f - a scroll of blinking {unknown}
 g - a scroll of remove curse {unknown}
 h - a scroll of teleportation {unknown}
 i - a scroll of fog {unknown}
 k - a scroll of noise {unknown}
 q - 2 scrolls of enchant weapon {unknown}
Potions
 l - a potion of cancellation
Comestibles
 c - 5 rations


   Skills:
 - Level 4.2 Fighting
 * Level 4.2 Axes
 - Level 2.4 Armour
 - Level 1.1 Dodging
 - Level 2.3 Invocations


You had 4 spell levels left.
You didn't know any spells.
Your spell library was empty.

Dungeon Overview and Level Annotations

Branches:
Dungeon (2/15)

Altars:


Innate Abilities, Weirdness & Mutations

You cannot be hasted, slowed, berserked, paralysed or teleported.
You can dig through walls and to a lower floor.
Your four strong arms can wield two-handed weapons with a shield.
You have a pair of large antennae on your head. (SInv)


Message History

You miss the adder.
The adder is almost dead.
The adder completely misses you. The adder bites you.
* * * LOW HITPOINT WARNING * * *
You are lethally poisoned!
The adder poisons you! Space bends around you!
You blink.
* * * LOW HITPOINT WARNING * * *
You feel sick. Space bends around you!
You blink.
* * * LOW HITPOINT WARNING * * *
You feel sick.
It was a potion of cancellation.
You feel magically purged.
* * * LOW HITPOINT WARNING * * *
You feel sick.
It was a potion of might.
You feel very mighty all of a sudden.
* * * LOW HITPOINT WARNING * * *
You feel sick. The adder bites you.
You die...

♣.♣ #.### # #.####
#... { ### ##....#
#..# ≈≈# #..†..# #..#
.≈#
#.#...######..#####.#
♣.#
#.#.#.(.............#
#'# #.#..........§..#
..# #.###.#...?.##..#
### #.#
#.#.@S.#....... #.#
#..#..#.........#
#.##....###....####.#
#### #........#
#..... # ...#
##.##....# #..###
##.# #.##...#.. #.#
#.# ###.##.##.. ..
##.#####...........
..÷............+...


You could see an adder.

Vanquished Creatures
  2 orc wizards (D:2)
  A worm (D:2)
  A dart slug (D:2)
  2 orcs (D:2)
  4 giant cockroaches
  9 goblins
  5 hobgoblins
  7 jackals
  A quokka (D:2)
  A ball python (D:1)
  6 bats
  4 frilled lizards
  11 kobolds
  5 rats
59 creatures vanquished.

Notes
Turn   | Place    | Note
-------+----------+-------------------------------------------
     0 | Abyss:1  | vishdafish the Formicid Abyssal Knight began the quest for
                  | the Orb.
     0 | Abyss:1  | Reached XP level 1. HP: 18/18 MP: 2/2
     5 | D:1      | Escaped the Abyss
    70 | D:1      | Reached skill level 1 in Dodging
   189 | D:1      | Reached XP level 2. HP: 24/24 MP: 3/3
   367 | D:1      | Reached * piety under Lugonu
   480 | D:1      | Reached XP level 3. HP: 24/30 MP: 4/4
  1505 | D:2      | Reached XP level 4. HP: 16/37 MP: 5/5
  1840 | D:2      | Reached ** piety under Lugonu
  1840 | D:2      | Reached XP level 5. HP: 7/42 MP: 6/6
  2224 | D:2      | HP: 2/42 [poisoned by an adder]
  2226 | D:2      | Slain by an adder

Skill      XL: |  1  2  3  4 |
---------------+-------------+-----
Dodging        | 1 |  1.1
Fighting       | 4 |  4.2
Axes           | 4 |  4.2
Armour         | |  2.4
Invocations    | |  2.3

Action                   |  1- 3 |  4- 6 || total
-------------------------+-------+-------++-------
Melee: Hand axe          |   120 |    82 ||   202
Invok: Depart the Abyss  |     1 |       ||     1
       Bend Space        |       |     2 ||     2
  Use: Potion            |       |     5 ||     5
  Eat: Ration            |     1 |       ||     1
       Chunk             |     1 |       ||     1
Armor: Leather armour    |    39 |    18 ||    57
Dodge: Dodged            |    97 |    46 ||   143
